[Event "Early-Titled-Tuesday-Blitz-October-17-2023"]
[Site "Chess.com"]
[Date "2023.10.17"]
[Round "8"]
[White "GradualismUnleashed"]
[Black "TigrVShlyape"]
[Result "0-1"]
[WhiteElo "2623"]
[BlackElo "2834"]
[TimeControl "180+1"]
[EndTime "9:30:18 PDT"]
[Termination "TigrVShlyape won by resignation"]

1. e4 c5 2. Nf3 e6 3. d4 cxd4 4.
Nxd4 a6 5. Nc3 b5 6. Bd3 Qb6 7. Be3 Bc5 8. Be2 Nc6 9. Nxc6 Bxe3 10. fxe3 dxc6 11. Qd4 Qxd4 12. exd4 e5 13. O-O-O exd4 14. Rxd4 Ne7 15. Rhd1 Be6 16. e5 Ng6 17. Ne4 Nxe5 18. Nc5 Bd5 19. a4 Bxg2 20. Rg1 Bd5 21. Rxg7 Ke7 22.
b4 Ng6 23. axb5 axb5 24. Bxb5 Kf6 25. Rxg6+ hxg6 26. Bxc6 Bxc6 27. Rd6+ Ke7 28. Rxc6 Rhc8 29. Rb6 Rcb8 30. Rxb8 Rxb8 31. c3 Rh8 32. b5 Kd6 33.
Ne4+ Kd5 34. Ng5 f6 35. Nf3 Rh3 0-1

[Event "Early-Titled-Tuesday-Blitz-October-17-2023"]
[Site "Chess.com"]
[Date "2023.10.17"]
[Round "8"]
[White "maracayo"]
[Black "a-z30"]
[Result "0-1"]
[WhiteElo "2371"]
[BlackElo "2496"]
[TimeControl "180+1"]
[EndTime "9:30:19 PDT"]
[Termination "a-z30 won by resignation"]

1. e4 Nf6 2. d3 e5 3. Nf3 Nc6 4. Be2 d5 5. Nbd2 Bc5 6. O-O O-O 7. c3 a5 8. h3 Qe7 9. exd5 Nxd5 10. Re1 Be6 11. Bf1 Bd6 12. Nc4 f6 13. d4 exd4 14. Nxd4 Nxd4 15. Qxd4 Rfe8 16. Nxd6 Qxd6 17. Bd2 c5 18. Qa4 Nb6 19. Qc2 Bc4 20.
Rxe8+ Rxe8 21. b3 Bxf1 22. Kxf1 c4 23. Be3 Nd5 24. Bd4 Qh2 0-1

[Event "Early-Titled-Tuesday-Blitz-October-17-2023"]
[Site "Chess.com"]
[Date "2023.10.17"]
[Round "8"]
[White "jasonbolivar"]
[Black "Deadmold"]
[Result "0-1"]
[WhiteElo "2294"]
[BlackElo "2221"]
[TimeControl "180+1"]
[EndTime "9:30:19 PDT"]
[Termination "Deadmold won by resignation"]

1. e4 Nf6 2. e5 Nd5 3. d4 d6 4.
Nf3 g6 5. Bc4 Nb6 6. Bb3 Bg7 7.
Ng5 d5 8. Qf3 f6 9. exf6 exf6 10.
Nh3 O-O 11. O-O Bf5 12. Nc3 c6 13. Nf4 Na6 14. a3 Kh8 15. Nh5 Be4 16. Nxe4 dxe4 17. Qh3 gxh5 18. Qxh5 Qe8 19. Qh4 Qg6 20. Be3 Nd5 21.
c4 Nxe3 22. fxe3 f5 23. c5 Nc7 24. Qe1 Nd5 25. Kh1 Qg5 0-1

[Event "Early-Titled-Tuesday-Blitz-October-17-2023"]
[Site "Chess.com"]
[Date "2023.10.17"]
[Round "8"]
[White "mary-sanna"]
[Black "Bala-Afiada"]
[Result "1-0"]
[WhiteElo "2169"]
[BlackElo "1903"]
[TimeControl "180+1"]
[EndTime "9:30:19 PDT"]
[Termination "mary-sanna won by resignation"]

1. d4 Nf6 2. c4 e6 3. g3 d5 4.
Nf3 Bb4+ 5. Nbd2 Bd6 6. Bg2 O-O 7. O-O Nbd7 8. Qc2 c6 9. e4 dxe4 10. Nxe4 Nxe4 11. Qxe4 Re8 12. c5 Bc7 13. Rd1 Nf6 14.
Qe2 Nd5 15. Ne5 f6 16. Nc4 e5 17. Re1 Bd7 18. dxe5 Bxe5 19. Nxe5 Rxe5 20. Qd1 Rxe1+ 21. Qxe1 Qf8 22. Bxd5+ cxd5 23. b4 a6 24. Be3 Bc6 25.
Qc3 Re8 26. a4 Re4 27. Bd4 Qe7 28. Kf1 Re2 29. Be3 Qe4 30. Kxe2 Qg4+ 31. Kd2 1-0

[Event "Early-Titled-Tuesday-Blitz-October-17-2023"]
[Site "Chess.com"]
[Date "2023.10.17"]
[Round "8"]
[White "Hovik_Hayrapetyan"]
[Black "Alexander_Donchenko"]
[Result "0-1"]
[WhiteElo "2792"]
[BlackElo "2883"]
[TimeControl "180+1"]
[EndTime "9:30:22 PDT"]
[Termination "Alexander_Donchenko won on time"]

1. d4 Nf6 2. c4 e6 3. Nc3 Bb4 4. Nf3 d5 5. e3 O-O 6. Bd2 b6 7. cxd5 exd5 8. Bd3 Be7 9. O-O c5 10. Ne5 Bb7 11. f4 Nc6 12. Be1 cxd4 13. Nxc6 Bxc6 14. exd4 Re8 15. Bh4 Ne4 16. Bxe7 Qxe7 17. f5 Qb4 18.
Bxe4 dxe4 19. f6 Rad8 20. Qg4 Qxd4+ 21. Kh1 g6 22. Qg5 Qc5 23. Qh6 Qf8 24. Qh4 e3 25. Rfe1 Rd2 26. Re2 h6 27. Rae1 Kh7 28. Kg1 Re6 29.
Rxe3 Rxg2+ 30. Kf1 Rxe3 31. Rxe3 Qd6 32. Rh3 Qd2 0-1

[Event "Early-Titled-Tuesday-Blitz-October-17-2023"]
[Site "Chess.com"]
[Date "2023.10.17"]
[Round "8"]
[White "ArtemDyachuk"]
[Black "Nuvas"]
[Result "1-0"]
[WhiteElo "2655"]
[BlackElo "2815"]
[TimeControl "180+1"]
[EndTime "9:30:22 PDT"]
[Termination "ArtemDyachuk won by resignation"]

1. e4 e5 2. Nf3 Nc6 3. Bc4 Nf6 4.
d3 Bc5 5. c3 d6 6. O-O a5 7. Nbd2 Ba7 8. h3 O-O 9. Re1 Be6 10. Bb5 Ne7 11. Nf1 c6 12. Ba4 b5 13.
Bc2 a4 14. Ng3 h6 15. d4 Ng6 16. Be3 Qc7 17. Qd2 Rfd8 18. Rad1 Bxa2 19. Nf5 Be6 20. Bxh6 Bxf5 21. exf5 Nf4 22. Bxf4 exf4 23. Qxf4 Re8 24. Qh4 c5 25. g4 Rxe1+ 26. Rxe1 Qc6 27. g5 Nh7 28. f6 Nxf6 29. gxf6 1-0

[Event "Early-Titled-Tuesday-Blitz-October-17-2023"]
[Site "Chess.com"]
[Date "2023.10.17"]
[Round "8"]
[White "OLDTERMINATOR"]
[Black "lluiss"]
[Result "0-1"]
[WhiteElo "1636"]
[BlackElo "2142"]
[TimeControl "180+1"]
[EndTime "9:30:28 PDT"]
[Termination "lluiss won on time"]

1. e4 c5 2. Nf3 d6 3. d4 cxd4 4.
Nxd4 Nf6 5. Nc3 g6 6. Bc4 Bg7 7. Be3 O-O 8. f3 Nc6 9. Qd2 Bd7 10. Bb3 Qa5 11. O-O-O Rfc8 12. Kb1 Ne5 13. h4 h5 14. g4 Rxc3 15. Qxc3 Qxc3 16. bxc3 hxg4 17. f4 Nc6 18.
Bd5 Nxd5 19. exd5 Na5 20. h5 gxh5 21. Rxh5 Rc8 22. Rd3 Nc4 23. Nf5 Bxf5 24. Rxf5 Nxe3 25. Rxe3 Bf6 26. Rxf6 exf6 27. f5 Rc4 28. Rg3 b5 29. Kb2 Kg7 30. Kb3 Kh6 0-1

[Event "Early-Titled-Tuesday-Blitz-October-17-2023"]
[Site "Chess.com"]
[Date "2023.10.17"]
[Round "8"]
[White "LamaChampetre"]
[Black "Aleksandar-Topalov"]
[Result "0-1"]
[WhiteElo "2230"]
[BlackElo "2343"]
[TimeControl "180+1"]
[EndTime "9:30:31 PDT"]
[Termination "Aleksandar-Topalov won by resignation"]

1. d4 Nf6 2. c4 c5 3. d5 d6 4.
Nc3 g6 5. e4 Bg7 6. h3 O-O 7.
Nf3 e6 8. Bd3 exd5 9. exd5 Re8+ 10. Be3 Nfd7 11. O-O Ne5 12. Nxe5 Bxe5 13. Qd2 f5 14.
Rae1 Nd7 15. Bg5 Bf6 16. Rxe8+ Qxe8 17. Nb5 Qd8 18. Bf4 Ne5 19. Re1 a6 20. Nc3 Bd7 21. a4 b6 22. b3 Rb8 23. Qc2 Qf8 24.
Bf1 Re8 25. Qd2 Qe7 26. Re2 Qf8 27. Nd1 Qg7 28. Bh6 Qh8 29. f4 Nf7 30. Rxe8+ Bxe8 31. Qe3 Bd4 0-1

[Event "Early-Titled-Tuesday-Blitz-October-17-2023"]
[Site "Chess.com"]
[Date "2023.10.17"]
[Round "8"]
[White "dianamirza"]
[Black "Sofia_Blokhin"]
[Result "0-1"]
[WhiteElo "1976"]
[BlackElo "2271"]
[TimeControl "180+1"]
[EndTime "9:30:33 PDT"]
[Termination "Sofia_Blokhin won by resignation"]

1. e4 c5 2. Nf3 e6 3. d4 cxd4 4. Nxd4 a6 5. Nc3 Qc7 6. Qf3 Nf6 7. Bg5 Be7 8. O-O-O Nc6 9. Nxc6 dxc6 10. Bd3 e5 11. Bc4 b5 12. Bb3 O-O 13. h3 a5 14. a3 b4 15. Nb1 a4 16. Bc4 bxa3 17. Nxa3 Bxa3 18. Qxa3 Nxe4 19. Be3 Ba6 20. Bd3 Bxd3 21. Rxd3 f5 22. Rhd1 Nf6 23. Bg5 Nd5 24. c4 Nb6 25. Be7 Rfe8 26.
Bd6 Qf7 27. c5 Nc4 28. Qc3 a3 29. b3 Nb2 30. Bxe5 Nxd3+ 31. Rxd3 a2 32. Qa1 Rxe5 0-1

[Event "Early-Titled-Tuesday-Blitz-October-17-2023"]
[Site "Chess.com"]
[Date "2023.10.17"]
[Round "8"]
[White "Doomfist26"]
[Black "CristianS27"]
[Result "1-0"]
[WhiteElo "2629"]
[BlackElo "2510"]
[TimeControl "180+1"]
[EndTime "9:30:35 PDT"]
[Termination "Doomfist26 won by resignation"]

1. e4 e5 2. Nf3 Nc6 3. d4 exd4 4. c3 d5 5. Bd3 dxe4 6. Bxe4 Nf6 7.
Bxc6+ bxc6 8. O-O Be7 9. Nxd4 Bd7 10. Qf3 O-O 11. Nxc6 Bxc6 12. Qxc6 Rb8 13. b3 Qd3 14. Bf4 Rb6 15. Qxc7 Nd5 16. Qxa7 Bc5 17. Bg3 Re8 18. Qd7 Re2 19. c4 Nf6 20. Qxd3 1-0

[Event "Early-Titled-Tuesday-Blitz-October-17-2023"]
[Site "Chess.com"]
[Date "2023.10.17"]
[Round "8"]
[White "Haykoooo0o"]
[Black "temiksmozg"]
[Result "0-1"]
[WhiteElo "2451"]
[BlackElo "2598"]
[TimeControl "180+1"]
[EndTime "9:30:36 PDT"]
[Termination "temiksmozg won by resignation"]

1. b3 Nf6 2. Bb2 e6 3. Nf3 d5 4. g3 b6 5. Bg2 Ba6 6. O-O c5 7. d3 Be7 8. c4 O-O 9. Nbd2 Nc6 10. a3 Rc8 11. Qc2 d4 12. e4 e5 13. Bc1 Rc7 14. Nh4 Bc8 15. Nf5 Re8 16. Nxe7+ Qxe7 17. h3 Nh5 18. Nf3 Qf6 19. Bg5 Qg6 20. Bd2 Qf6 21. Qd1 h6 22. Nh4 Nf4 23. gxf4 Qxh4 24. f5 g6 25. f4 gxf5 26. fxe5 Nxe5 27. Bf4 Rce7 28. Ra2 Ng6 29. Bd6 Re6 30. exf5 Rxd6 31. fxg6 Rxg6 32.
Kh1 Re3 33. Re2 Bxh3 34. Bxh3 Rxh3+ 0-1

[Event "Early-Titled-Tuesday-Blitz-October-17-2023"]
[Site "Chess.com"]
[Date "2023.10.17"]
[Round "8"]
[White "KVAIDAN"]
[Black "KorolDimitriy75"]
[Result "1-0"]
[WhiteElo "2280"]
[BlackElo "2381"]
[TimeControl "180+1"]
[EndTime "9:30:36 PDT"]
[Termination "KVAIDAN won on time"]

1. f4 c5 2. Nf3 g6 3. d3 Bg7 4. e4 Nc6 5. Nc3 d6 6. Be2 e5 7. O-O Nge7 8. Qe1 Nd4 9. Bd1 O-O 10. Qg3 Nxf3+ 11. Bxf3 f5 12. fxe5 dxe5 13. Bg5 Be6 14.
Qh4 Qd4+ 15. Kh1 Nc6 16. exf5 Qxh4 17. Bxh4 gxf5 18. Bxc6 bxc6 19. Be7 Rfb8 20. Rab1 c4 21. dxc4 Bxc4 22. Rxf5 e4 23. Rc5 Bf7 24. Rxc6 Rb7 25. Bf6 e3 26. Bxg7 Kxg7 27. Kg1 Bg6 28. Nd5 Rd8 29.
Nxe3 Rd2 30. b3 Re7 31. Rc3 1-0

[Event "Early-Titled-Tuesday-Blitz-October-17-2023"]
[Site "Chess.com"]
[Date "2023.10.17"]
[Round "8"]
[White "alsdesdentao"]
[Black "Resignify"]
[Result "1-0"]
[WhiteElo "2487"]
[BlackElo "2350"]
[TimeControl "180+1"]
[EndTime "9:30:42 PDT"]
[Termination "alsdesdentao won by resignation"]

1. b3 d6 2. Bb2 Nd7 3. Nf3 Ngf6 4.
e3 g6 5. Be2 Bg7 6. O-O O-O 7.
d4 Re8 8. c4 c5 9. Nc3 a6 10.
Re1 Qa5 11. Rc1 Rb8 12. a4 Qc7 13. Bf1 b6 14. e4 cxd4 15. Nxd4 e6 16. Nf3 Nc5 17.
b4 Ncxe4 18. Nxe4 Nxe4 19. Bxg7 Nxf2 20. Qd4 e5 21. Qxf2 Kxg7 22. Ng5 f6 23. Ne4 f5 24.
Nc3 Be6 25. Nd5 Qb7 26. Qd2 h6 27. Rcd1 Rec8 28. b5 a5 29. Ne3 Rd8 30. Qb2 Qc7 31. Nd5 Qb7 32. Rd2 Rbc8 33. Red1 Rd7 34. Qa3 Rc5 35. Qe3 g5 36. h4 Kg6 37. hxg5 hxg5 38. Bd3 Rh7 39. Rf2 Qf7 40. Rdf1 Rh4 41. Bxf5+ Bxf5 42.
Rxf5 Qxf5 43. Ne7+ 1-0

[Event "Early-Titled-Tuesday-Blitz-October-17-2023"]
[Site "Chess.com"]
[Date "2023.10.17"]
[Round "8"]
[White "ChesscularGodofchess"]
[Black "santosalberto1987"]
[Result "1-0"]
[WhiteElo "2230"]
[BlackElo "2421"]
[TimeControl "180+1"]
[EndTime "9:30:53 PDT"]
[Termination "ChesscularGodofchess won by resignation"]

1. d4 d5 2. Nf3 Nf6 3. e3 Bf5 4. Ne5 h6 5. g4 Bh7 6. Bd3 Bxd3 7. Qxd3 Nbd7 8. Nxd7 Qxd7 9. h3 e6 10. f4 Ne4 11. Nd2 Nxd2 12. Bxd2 O-O-O 13. O-O-O Kb8 14.
Kb1 f5 15. c4 c6 16. cxd5 cxd5 17. Rc1 Bd6 18. Qb3 g6 19. Bb4 Bc7 20. Bc5 Rc8 21. Rc2 b6 22. Rhc1 Kb7 23. a4 h5 24.
g5 Bd6 25. Bxd6 Qxd6 26. Rxc8 Rxc8 27. Rxc8 Kxc8 28. Qb5 Kb7 29. Qe8 Qc6 30. Qxg6 Qxa4 31. Qf7+ Ka6 32. Qxh5 Qb3 33. Qe2+ b5 34. g6 1-0

[Event "Early-Titled-Tuesday-Blitz-October-17-2023"]
[Site "Chess.com"]
[Date "2023.10.17"]
[Round "8"]
[White "Magila31"]
[Black "Nekoo04"]
[Result "1-0"]
[WhiteElo "2363"]
[BlackElo "2248"]
[TimeControl "180+1"]
[EndTime "9:30:55 PDT"]
[Termination "Magila31 won on time"]

1. Nf3 d5 2. c4 d4 3. b4 Nf6 4. Bb2 c5 5. e3 dxe3 6. fxe3 cxb4 7. d4 e6 8. Bd3 Nc6 9. O-O Bd6 10.
Nbd2 O-O 11. e4 e5 12. d5 Bc5+ 13.
Kh1 Ng4 14. Qe2 Nd4 15. Nxd4 exd4 16. Nf3 Qb6 17. e5 Re8 18. Qe4 Qh6 19. Bxd4 Bxd4 20. Qxd4 Rxe5 21. Rae1 Rxe1 22. Rxe1 Bd7 23. Qc5 Re8 24.
Rxe8+ Bxe8 25. Qe7 Qc1+ 26. Ne1 g6 27. Qxe8+ Kg7 28.
Qe2 1-0

[Event "Early-Titled-Tuesday-Blitz-October-17-2023"]
[Site "Chess.com"]
[Date "2023.10.17"]
[Round "8"]
[White "Russian_berezka"]
[Black "lolo9292"]
[Result "1-0"]
[WhiteElo "2679"]
[BlackElo "2218"]
[TimeControl "180+1"]
[EndTime "9:31:02 PDT"]
[Termination "Russian_berezka won by resignation"]

1. d4 e6 2. c4 Nf6 3. Nf3 b6 4.
g3 Bb7 5. Bg2 g5 6. Bxg5 h6 7.
Bxf6 Qxf6 8. Nc3 h5 9. h4 Bb4 10. Qb3 c5 11. d5 exd5 12. cxd5 d6 13. O-O Bxc3 14. bxc3 Nd7 15. e4 Rg8 16. a4 Ne5 17. Nxe5 Qxe5 18. a5 Ba6 19. Rfe1 b5 20. f4 Qg7 21. Re3 Kd7 22. e5 Rae8 23. Rae1 f6 24. Bh3+ Kd8 25. e6 Ke7 26. c4 Rb8 27. cxb5 Rxb5 28.
Qc3 Rgb8 29. Bf1 Rb3 30. Qxb3 Rxb3 31. Rxb3 c4 32. Bxc4 Bxc4 33. Rb7+ Kf8 34. Rxg7 Kxg7 35. e7 1-0

[Event "Early-Titled-Tuesday-Blitz-October-17-2023"]
[Site "Chess.com"]
[Date "2023.10.17"]
[Round "8"]
[White "Mykola-Bortnyk"]
[Black "VincentKeymer"]
[Result "1-0"]
[WhiteElo "2996"]
[BlackElo "3077"]
[TimeControl "180+1"]
[EndTime "9:31:03 PDT"]
[Termination "Mykola-Bortnyk won by checkmate"]

1. e4 c6 2. d4 d5 3. exd5 cxd5 4. c4 Nf6 5. Nc3 Nc6 6. Bg5 Be6 7. Be2 Qa5 8. c5 Ne4 9. Nf3 g6 10. O-O Bg7 11.
Be3 O-O 12. Rc1 Rad8 13. a3 Bg4 14. h3 Bxf3 15. Bxf3 e6 16. Re1 f5 17. Ne2 g5 18.
Bxe4 dxe4 19. Bxg5 Rd5 20. Nf4 Bxd4 21. Nxd5 exd5 22.
Qb3 Kh8 23. Qxd5 Bxb2 24. Rb1 Bg7 25. Qd6 Nd4 26. Bh6 Bxh6 27. Qxh6 Qd8 28. Rxb7 Rg8 29. Qxh7# 1-0

[Event "Early-Titled-Tuesday-Blitz-October-17-2023"]
[Site "Chess.com"]
[Date "2023.10.17"]
[Round "8"]
[White "McCarthyStone"]
[Black "ErikRonka"]
[Result "0-1"]
[WhiteElo "2385"]
[BlackElo "2505"]
[TimeControl "180+1"]
[EndTime "9:31:03 PDT"]
[Termination "ErikRonka won on time"]

1. e4 g6 2. d4 Bg7 3. Nc3 c6 4. h4 d5 5. exd5 cxd5 6. h5 Nc6 7. hxg6 hxg6 8. Rxh8 Bxh8 9. Be3 Nf6 10. Nf3 Qb6 11. Qd2 Bg4 12. Be2 Rc8 13. O-O-O Nb4 14. Kb1 Bf5 15. Ne1 a6 16. a3 Nc6 17. f3 Na5 18. Na4 Qc7 19. Bf4 Qd8 20. g4 Be6 21.
Nc5 Nc4 22. Bxc4 dxc4 23. Nxe6 fxe6 24. Qe2 Nd5 25. Be5 Qb6 26. Ka1 c3 27. b3 Qa5 28. a4 Kd7 29. Bxh8 Rxh8 30. Nd3 b6 31. Ne5+ Kc7 32. Nc4 Qb4 33. Qxe6 Rd8 34. Qe5+ Kb7 35.
Ka2 b5 36. axb5 axb5 0-1

[Event "Early-Titled-Tuesday-Blitz-October-17-2023"]
[Site "Chess.com"]
[Date "2023.10.17"]
[Round "8"]
[White "carokannlover213"]
[Black "MikaelyanArman"]
[Result "0-1"]
[WhiteElo "2729"]
[BlackElo "2872"]
[TimeControl "180+1"]
[EndTime "9:31:06 PDT"]
[Termination "MikaelyanArman won on time"]

1. e4 e5 2. Nf3 Nc6 3. Nc3 Nf6 4. d4 exd4 5. Nxd4 Bb4 6. Nxc6 bxc6 7. Bd3 O-O 8. O-O Re8 9. Qf3 h6 10. Bd2 d6 11. a3 Bc5 12. Na4 Bd4 13. c3 Be5 14. h3 c5 15. Qd1 c4 16. Bc2 Nd7 17. Qe2 Ba6 18. Qg4 Nf6 19. Qh4 Nh7 20. Qg4 Nf6 21. Qh4 Nd7 22. Qf4 Bxf4 0-1

[Event "Early-Titled-Tuesday-Blitz-October-17-2023"]
[Site "Chess.com"]
[Date "2023.10.17"]
[Round "8"]
[White "ukchessbomber"]
[Black "AradNazari"]
[Result "0-1"]
[WhiteElo "2647"]
[BlackElo "2853"]
[TimeControl "180+1"]
[EndTime "9:31:07 PDT"]
[Termination "AradNazari won by resignation"]

1. a3 e5 2. c4 Nf6 3. d3 c6 4.
Nf3 Bd6 5. Nc3 O-O 6. Bg5 h6 7. Bh4 Re8 8. g4 Be7 9. g5 hxg5 10. Bxg5 d5 11. Rg1 e4 12. dxe4 dxe4 13. Qxd8 Bxd8 14. Bxf6 Bxf6 15. Ng5 Bxc3+ 16. bxc3 f6 17. Nh3 Kf7 18. O-O-O Nd7 19. Nf4 g5 20. Nh5 Ne5 21. e3 Bg4 22. Rxg4 Nxg4 23. Ng3 Nxf2 24. Rd2 Nd3+ 25. Bxd3 exd3 26.
e4 Rad8 27. Rf2 Kg6 28. Kd2 Rh8 29. Ke3 Rh4 30. Nf5 Rh3+ 31. Kd2 Rdh8 32. Rf1 Rxh2+ 33. Kxd3 c5 34. e5 R8h3+ 35. Ke4 Re2+ 36. Kd5 Rxe5+ 0-1

[Event "Early-Titled-Tuesday-Blitz-October-17-2023"]
[Site "Chess.com"]
[Date "2023.10.17"]
[Round "8"]
[White "rikchessmx"]
[Black "Happy1712Drummer"]
[Result "0-1"]
[WhiteElo "2254"]
[BlackElo "2375"]
[TimeControl "180+1"]
[EndTime "9:31:09 PDT"]
[Termination "Happy1712Drummer won on time"]

1. e4 c5 2. Nf3 Nc6 3. d4 cxd4 4. Nxd4 Nf6 5. Nc3 e5 6. Ndb5 d6 7. a4 a6 8. Na3 Be6 9. Be2 Be7 10. Be3 d5 11.
exd5 Nxd5 12. Nxd5 Bxd5 13. O-O O-O 14. Nc4 Bxc4 15. Bxc4 Qc7 16. Bb3 Rad8 17. Qh5 Nd4 18. Bxd4 Rxd4 19. Rae1 Bf6 20. Re3 g6 21. Rg3 Bg7 22.
Qg5 Qd8 23. Qe3 b5 24. axb5 axb5 25. f4 exf4 26. Rxf4 Rxf4 27. Qxf4 Bxb2 28. c3 Ba3 29. Qh6 Bc5+ 30. Kf1 Qf6+ 31. Rf3 Qd6 0-1

[Event "Early-Titled-Tuesday-Blitz-October-17-2023"]
[Site "Chess.com"]
[Date "2023.10.17"]
[Round "8"]
[White "MDBIchess"]
[Black "GMJustin"]
[Result "1-0"]
[WhiteElo "2340"]
[BlackElo "2173"]
[TimeControl "180+1"]
[EndTime "9:31:09 PDT"]
[Termination "MDBIchess won on time"]

1. d4 Nf6 2. Bg5 c5 3. dxc5 Ne4 4. Be3 e6 5. Nd2 Nxc5 6. Ngf3 Nc6 7. g3 d5 8. Nb3 Ne4 9. Bg2 e5 10. O-O Be7 11.
Nfd2 Nxd2 12. Bxd2 O-O 13. e3 Be6 14. Qe2 Rc8 15.
Rac1 Qd7 16. Rfd1 Bg4 17. f3 Bh3 18. Bc3 Bxg2 19. Kxg2 Qe6 20. Qb5 Rfd8 21. Qxb7 Rb8 22. Qa6 d4 23. exd4 exd4 24. Be1 Rb6 25. Qf1 Rd5 26.
Bf2 Bf6 27. Re1 Qd7 28. Qc4 h5 29. Rcd1 Rb4 30. Qe2 Re5 31. Qd3 h4 32. c3 h3+ 33.
Kg1 Rxe1+ 34. Rxe1 1-0

[Event "Early-Titled-Tuesday-Blitz-October-17-2023"]
[Site "Chess.com"]
[Date "2023.10.17"]
[Round "8"]
[White "Let_it_be_1"]
[Black "adotand"]
[Result "0-1"]
[WhiteElo "2639"]
[BlackElo "2850"]
[TimeControl "180+1"]
[EndTime "9:31:11 PDT"]
[Termination "adotand won by resignation"]

1. e4 c5 2. Nf3 Nc6 3. d4 cxd4 4. Nxd4 Nf6 5. Nc3 d6 6. Be2 e5 7. Nb3 Be7 8. O-O O-O 9. f4 Be6 10. Kh1 a5 11. a4 Nb4 12. f5 Bd7 13. Bf3 Bc6 14. Bg5 Nxe4 15. Bxe7 Nxc3 16. bxc3 Qxe7 17. cxb4 axb4 18. f6 gxf6 19. Bd5 Kh8 20. Qd2 Rg8 21.
a5 Rac8 22. Rf2 Rg4 23. Raf1 Rg6 24. Bxc6 Rxc6 25. Qxb4 Kg7 26. c4 Qe6 27. Nd2 Rc5 28.
Qxb7 Rxa5 29. Ne4 f5 30. Rxf5 Qxf5 31. Qb1 Qg4 32. Qc2 h5 33. h3 Qh4 34. c5 dxc5 35.
Nxc5 Ra3 36. Qf5 Qf6 37. Qd3 Rxd3 0-1

[Event "Early-Titled-Tuesday-Blitz-October-17-2023"]
[Site "Chess.com"]
[Date "2023.10.17"]
[Round "8"]
[White "InitiatingASC"]
[Black "ProfessorChess101"]
[Result "0-1"]
[WhiteElo "2363"]
[BlackElo "2566"]
[TimeControl "180+1"]
[EndTime "9:31:11 PDT"]
[Termination "ProfessorChess101 won by checkmate"]

1. e4 a6 2. d4 e6 3. Nf3 b5 4. c4 Bb7 5. d5 bxc4 6. Bxc4 Nf6 7. Nc3 Bb4 8. Bg5 exd5 9. exd5 Qe7+ 10. Kf1 O-O 11.
Qb3 c6 12. Bxf6 gxf6 13. a3 Bxc3 14. Qxb7 cxd5 15. Qxa8 Bxb2 16. Re1 Qxa3 17. Qxd5 Bc3 18. Re8 Qc1+ 19. Ne1 Kg7 20. Re3 Nc6 21. Rg3+ Kh8 22. Rxc3 Qxc3 23. Qd3 Qc1 24. Bxa6 Re8 25. g3 Rxe1+ 26.
Kg2 Rxh1 27. Qxd7 Rg1+ 28. Kh3 Qh6+ 29. Kg4 Qg5+ 30. Kh3 Qh5# 0-1

[Event "Early-Titled-Tuesday-Blitz-October-17-2023"]
[Site "Chess.com"]
[Date "2023.10.17"]
[Round "8"]
[White "LangesNasenhaar"]
[Black "GothamChess"]
[Result "0-1"]
[WhiteElo "2500"]
[BlackElo "2683"]
[TimeControl "180+1"]
[EndTime "9:31:13 PDT"]
[Termination "GothamChess won by resignation"]

1. d4 Na6 2. Nc3 c6 3. Bf4 d5 4. e4 Qb6 5. Rb1 dxe4 6. Nxe4 Bf5 7. Ng3 Bg6 8. a3 e6 9. Nf3 Nf6 10. h4 h6 11. h5 Bh7 12. Bd3 Bxd3 13. Qxd3 Be7 14.
O-O Rd8 15. Qe2 O-O 16. c3 Qb5 17. Qc2 c5 18. Rfe1 cxd4 19. Nxd4 Qc5 20. Qa4 Qb6 21. Ngf5 exf5 22. Nxf5 Bc5 23. Re2 Rfe8 24. Rxe8+ Rxe8 25. Rf1 Bxf2+ 26. Kh1 Nc5 27. Qc4 Nce4 28. Bxh6 Nxh5 29. Bc1 Nhg3+ 0-1

[Event "Early-Titled-Tuesday-Blitz-October-17-2023"]
[Site "Chess.com"]
[Date "2023.10.17"]
[Round "8"]
[White "LuisFSiles"]
[Black "campochess"]
[Result "0-1"]
[WhiteElo "2308"]
[BlackElo "2169"]
[TimeControl "180+1"]
[EndTime "9:31:14 PDT"]
[Termination "campochess won by resignation"]

1. e4 c5 2. Nf3 Nc6 3. Bb5 e5 4. O-O Nge7 5. d3 a6 6. Bc4 h6 7. a4 d6 8. Nc3 g5 9. Nd2 Bg7 10. Qh5 Ng6 11. Nd5 O-O 12. g3 Be6 13. f4 exf4 14.
Nf3 Nd4 15. c3 Nxf3+ 16. Rxf3 Ne5 17. h3 Nxf3+ 18. Qxf3 fxg3 19. Qxg3 Rb8 20. h4 gxh4 21. Qg2 Kh8 22. Bf4 b5 23. Kh2 bxc4 24. Rg1 Rg8 25.
Qf3 Bxd5 26. Qh5 Qf6 0-1

[Event "Early-Titled-Tuesday-Blitz-October-17-2023"]
[Site "Chess.com"]
[Date "2023.10.17"]
[Round "8"]
[White "Irina_Mikhaylova"]
[Black "kritipatel"]
[Result "1-0"]
[WhiteElo "2303"]
[BlackElo "2129"]
[TimeControl "180+1"]
[EndTime "9:31:17 PDT"]
[Termination "Irina_Mikhaylova won by resignation"]

1. Nf3 d5 2. c4 e6 3. d4 Nf6 4.
Nc3 Be7 5. Bg5 O-O 6. e3 h6 7. Bh4 Ne4 8. Bxe7 Qxe7 9. cxd5 Nxc3 10. bxc3 exd5 11. Qb3 Rd8 12. c4 Be6 13. cxd5 Bxd5 14. Bc4 Bxc4 15. Qxc4 Nc6 16. O-O Na5 17. Qc3 b6 18.
Rac1 Rac8 19. Rfd1 Nb7 20. Qc6 Na5 21. Qa4 c5 22. dxc5 Rxd1+ 23. Rxd1 Qxc5 24. h3 a6 25. Qd7 b5 26. Rd5 Qc1+ 27. Kh2 Qc7+ 28. Ne5 f6 29. Qxc7 Rxc7 30. Nd3 Kf7 31. Nb4 Nc6 32. Rc5 Nxb4 33.
Rxc7+ Kg6 34. a3 Nd3 35. Ra7 Nxf2 36. Rxa6 Nd1 37. e4 Nc3 38. Rb6 Kg5 39. Kg3 g6 40. Kf3 h5 41. g3 f5 42. h4+ Kh6 43. exf5 1-0

[Event "Early-Titled-Tuesday-Blitz-October-17-2023"]
[Site "Chess.com"]
[Date "2023.10.17"]
[Round "8"]
[White "Roedor"]
[Black "Wizard_97"]
[Result "1-0"]
[WhiteElo "2442"]
[BlackElo "2573"]
[TimeControl "180+1"]
[EndTime "9:31:18 PDT"]
[Termination "Roedor won by resignation"]

1. d4 Nf6 2. c4 e6 3. g3 b6 4.
Bg2 d5 5. cxd5 exd5 6. Nc3 Bb7 7.
Nf3 Be7 8. O-O O-O 9. Ne5 Na6 10.
Bf4 c5 11. dxc5 Nxc5 12. Nd3 Nce4 13. Be5 Nxc3 14. Bxc3 Ne4 15. Bd4 Bf6 16. Nf4 Re8 17.
e3 Rc8 18. Rc1 Qd6 19. Qd3 h6 20. a3 Bc6 21. Bxf6 Nxf6 22. Rfd1 Red8 23. Qd4 Qe7 24. b4 Ba4 25. Re1 Bb3 26. Bh3 Rc4 27. Qb2 Rxc1 28.
Rxc1 Bc4 29. Qd4 Qe4 30. Rxc4 dxc4 31. Qxd8+ Kh7 32. Qd4 Qb1+ 33. Bf1 b5 34. Nd5 Nxd5 35. Qxd5 a6 36. Qxf7 Qb2 37. Qf5+ Kh8 38. Qc8+ Kh7 39. Qxa6 Qd2 40. Qxb5 c3 41. Qd3+ 1-0

[Event "Early-Titled-Tuesday-Blitz-October-17-2023"]
[Site "Chess.com"]
[Date "2023.10.17"]
[Round "8"]
[White "Sanyura"]
[Black "Rutricks"]
[Result "0-1"]
[WhiteElo "2537"]
[BlackElo "2662"]
[TimeControl "180+1"]
[EndTime "9:31:19 PDT"]
[Termination "Rutricks won by resignation"]

1. e4 g6 2. d4 Bg7 3. c3 c6 4. Nf3 d5 5. Bd3 dxe4 6. Bxe4 Nf6 7. Bc2 O-O 8. O-O Bg4 9. Nbd2 c5 10. h3 Bxf3 11. Nxf3 cxd4 12. cxd4 Nc6 13. a3 Qb6 14. Re1 Rfd8 15. Qe2 Nxd4 16. Nxd4 Qxd4 17. Bb3 Qb6 18. Ba2 e6 19. Be3 Qa5 20. Rad1 Nd5 21. Bg5 Nc3 22. bxc3 Qxg5 23. g3 Bxc3 24. Rxd8+ Rxd8 25. Rd1 Bd4 26. Kg2 Bb6 27. Rxd8+ Qxd8 28. Qe4 Qe7 29. a4 h5 30. h4 Qf6 31. Qc2 Qd4 32. Bxe6 fxe6 33. Qxg6+ Kf8 34. Qh6+ Ke7 35. Qg5+ Qf6 36. Qd2 Qxf2+ 37. Qxf2 Bxf2 38. Kxf2 Kf6 39. Kf3 Kf5 0-1